 Dungeon Crawl Stone Soup version 0.19.5 (webtiles) character file.

322 QuCean the Ruffian (level 6, -4/59 HPs)
             Began as a Troll Monk on May 5, 2017.
             Slain by mezla's ghost (6 damage)
             ... on level 4 of the Dungeon.
             The game lasted 00:09:51 (2010 turns).

QuCean the Ruffian (Troll Monk)                     Turns: 2010, Time: 00:09:51

Health: -4/59      AC:  6    Str: 22    XL:     6   Next: 22%
Magic:  5/5        EV: 11    Int:  6    God:
Gold:   105        SH:  0    Dex: 12    Spells: 0 memorised, 5 levels left

rFire  . . .     SeeInvis .       - Unarmed
rCold  . . .     Gourm    +     a - +1 robe
rNeg   . . .     Faith    .     (no shield)
rPois  .         Spirit   .     (helmet restricted)
rElec  .         Reflect  .     (no cloak)
rCorr  .         Harm     .     (gloves unavailable)
MR     .....                    (boots unavailable)
Stlth  ++........               (no amulet)
                                (no ring)
                                (no ring)

@: no status effects
A: unfitting armour, claws 3, fast metabolism 3, gourmand, regeneration 1,
shaggy fur 1, tough skin 2
a: no special abilities


You were on level 4 of the Dungeon.
You were not hungry.

You visited 1 branch of the dungeon, and saw 4 of its levels.

You collected 105 gold pieces.

Inventory:

Hand Weapons
 d - a cursed +0 dagger
 g - a +1 mace of draining
 m - a +0 dagger
 p - a +4 club
Armour
 a - a +1 robe (worn)
Scrolls
 e - a scroll of remove curse
 h - 3 scrolls of teleportation {unknown}
Potions
 c - 2 potions of berserk rage
 k - a potion of cancellation
 l - a potion of heal wounds
 n - 2 potions of magic {unknown}
 o - a potion of brilliance {unknown}
Comestibles
 b - 2 bread rations
 f - 3 fruits
 i - 4 meat rations


   Skills:
 + Level 2.9 Fighting
 + Level 3.8 Dodging
 + Level 1.4 Stealth
 + Level 5.4 Unarmed Combat


You had 5 spell levels left.
You didn't know any spells.

Dungeon Overview and Level Annotations

Branches:
Dungeon (4/15)
 Temple: D:4-7

Altars:
Qazlal

Annotations:
D:4 mezla's ghost, amateur FeMo


Innate Abilities, Weirdness & Mutations

You are too large for most types of armour.
You have claws for hands.
Your metabolism is lightning-fast.
You like to eat raw meat.
Your natural rate of healing is unusually fast.
You are covered in fur. (AC +1)
You have very tough skin. (AC +2)


Message History

You closely miss mezla's ghost.
Mezla's ghost is almost destroyed.
Mezla's ghost barely misses you.
You miss mezla's ghost.
Mezla's ghost is almost destroyed.
Mezla's ghost hits you.
You closely miss mezla's ghost.
Mezla's ghost is almost destroyed.
Mezla's ghost whispers something so quietly that you cannot hear it.
Mezla's ghost hits you!
* * * LOW HITPOINT WARNING * * *
You closely miss mezla's ghost.
Mezla's ghost is almost destroyed.
Mezla's ghost hits you.
* * * LOW HITPOINT WARNING * * *
You closely miss mezla's ghost.
Mezla's ghost is almost destroyed.
Mezla's ghost whispers, "The ORB doesn't exist."
Mezla's ghost hits you.
You die...

###.# ###.### #.#
#...######.######.#
#..........#.......
## #.<####.#.## #..
....###..###.###..
##. #.......#.#
#..##.##.
#..##....# ..##....
##..###W.#.##
........
.......@....#
..######
###..#.#..###.... #
# .. #.##.# #... #
. ..# #... # ## ###
... # .. # ### #..
....#


You could see mezla's ghost.

Vanquished Creatures
  An ogre (D:4)
  A scorpion (D:4)
  3 orc wizards
  Jessica (D:3)
  2 adders (D:3)
  A dart slug (D:3)
  2 leopard geckos (D:1)
  7 orcs
  A giant cockroach (D:1)
  4 goblins
  8 hobgoblins
  2 jackals (D:3)
  A quokka (D:2)
  5 bats
  3 frilled lizards (D:1)
  7 kobolds
  A quokka skeleton (D:4)
  8 rats
58 creatures vanquished.

Notes
Turn   | Place    | Note
-------+----------+-------------------------------------------
     0 | D:1      | QuCean the Troll Monk began the quest for the Orb.
     0 | D:1      | Reached XP level 1. HP: 22/22 MP: 0/0
   113 | D:1      | Reached XP level 2. HP: 19/29 MP: 1/1
   973 | D:2      | Found a stormy altar of Qazlal.
   993 | D:2      | Reached XP level 3. HP: 36/36 MP: 2/2
  1037 | D:2      | You fall through a shaft!
  1160 | D:3      | Reached skill level 4 in Unarmed Combat
  1160 | D:3      | Reached XP level 4. HP: 14/44 MP: 3/3
  1296 | D:3      | Noticed Jessica
  1301 | D:3      | Killed Jessica
  1301 | D:3      | Reached XP level 5. HP: 42/52 MP: 4/4
  1504 | D:3      | Found a faded altar of an unknown god.
  1769 | D:4      | Noticed an ogre
  1787 | D:4      | Killed an ogre
  1787 | D:4      | Reached skill level 5 in Unarmed Combat
  1844 | D:4      | Reached XP level 6. HP: 51/59 MP: 5/5
  1987 | D:4      | Noticed mezla's ghost (amateur FeMo)
  2009 | D:4      | HP: 2/59 [mezla's ghost (5)]
  2010 | D:4      | Slain by mezla's ghost

Skill      XL: |  1  2  3  4  5 |
---------------+----------------+-----
Dodging        | 3 |  3.8
Unarmed Combat | 4 5 |  5.4
Fighting       | |  2.9
Stealth        | |  1.4

Action                   |  1- 3 |  4- 6 || total
-------------------------+-------+-------++-------
Melee: Unarmed           |    85 |    75 ||   160
       Punch             |     2 |       ||     2
  Use: Scroll            |     1 |     6 ||     7
  Eat: Chunk             |     4 |     5 ||     9
       Bread ration      |     1 |     1 ||     2
Armor: Robe              |    33 |    35 ||    68
Dodge: Dodged            |    44 |    47 ||    91
